 Dungeon Crawl Stone Soup version 0.18.1-48-g4cf74bf (console) character file.

61647 Kloppie the Warrior (level 14, -21/204 HPs)
             Began as a Grey Draconian Berserker on June 28, 2016.
             Was a High Priest of Trog.
             Demolished by a stone giant (37 damage)
             ... on level 1 of the Orcish Mines on June 29, 2016.
             The game lasted 00:55:43 (25263 turns).

Kloppie the Warrior (Grey Draconian Berserker)     Turns: 25263, Time: 00:55:44

Health: -21/204    AC: 18    Str: 26    XL:     14   Next: 61%
Magic:  14/14      EV: 21    Int:  8    God:    Trog [*****.]
Gold:   1380       SH:  0    Dex: 14    Spells: 0 memorised, 13 levels left

rFire  . . .     SeeInvis +     b - +8 lajatang {slice, rElec MR++}
rCold  . . .     Gourm    .     (armour unavailable)
rNeg   + + .     Faith    .     (shield currently unavailable)
rPois  +         Spirit   .     (helmet restricted)
rElec  +         Dismiss  .     P - +0 cloak "Poorun" {-Cast rN++ MR+}
rCorr  +         Reflect  .     l - +2 pair of gloves
SustAt .         Harm     .     Q - +0 pair of boots {run}
MR     ++++.     NoCast   +     y - amulet of regeneration
Stlth  ..........               c - ring of poison resistance
                                m - ring of resist corrosion

@: berserking, very quick, incredibly resistant to hostile enchantments,
extremely unstealthy
A: walk through water, unfitting armour, see invisible, unbreathing,
cold-blooded, AC +13
a: Berserk, Trog's Hand, Brothers in Arms, Burn Spellbooks, Renounce Religion


You were on level 1 of the Orcish Mines.
You worshipped Trog.
Trog was extremely pleased with you.
You were full.

You visited 3 branches of the dungeon, and saw 20 of its levels.
You also visited: Labyrinth and Ice Cave.

You collected 1922 gold pieces.
You spent 542 gold pieces at shops.

Inventory:

Hand Weapons
 a - the +6 quarterstaff of Doom {venom, rElec rC++ MP+9 Int-4}
   (You found it on level 2 of the Lair of Beasts)

   It poisons the flesh of those it strikes.
   It affects your intelligence (-4).
   It greatly protects you from cold.
   It insulates you from electricity.
   It affects your magic capacity (+9).
 b - the +8 lajatang of the Endless March (weapon) {slice, rElec MR++}
   (Trog gifted it to you on level 4 of the Lair of Beasts)

   It inflicts extra damage upon your enemies.
   It insulates you from electricity.
   It affects your resistance to hostile enchantments.
 T - a +2 antimagic lajatang
Armour
 l - a +2 pair of gloves (worn)
 J - the +3 buckler of Zoahuc {rElec}
   (You found it on level 9 of the Dungeon)

   It insulates you from electricity.
 P - the +0 cloak "Poorun" (worn) {-Cast rN++ MR+}
   (You bought it in a shop on level 7 of the Dungeon)

   It greatly protects you from negative energy.
   It affects your resistance to hostile enchantments.
   It prevents spellcasting.
 Q - a +0 pair of boots of running (worn)
Jewellery
 c - a ring of poison resistance (right hand)
 i - an uncursed amulet of the gourmand
 m - a ring of resist corrosion (left hand)
 n - a +3 ring of protection
 v - the amulet of Okkew {RegenMP MR+}
   (You took it off a minotaur in a labyrinth)

   [amulet of magic regeneration]

   It increases your magic regeneration.
   It affects your resistance to hostile enchantments.
 w - an uncursed ring of positive energy
 y - an amulet of regeneration (around neck)
 B - an uncursed ring of ice
 H - a cursed ring of teleportation {unknown}
Wands
 z - a wand of disintegration (9/24)
 D - a wand of digging (14/24)
 M - a wand of confusion (21/48)
 S - a wand of disintegration (11/24)
Scrolls
 e - 5 scrolls of recharging
 g - 11 scrolls of teleportation
 q - 2 scrolls of magic mapping
 s - 3 scrolls of blinking
 t - a scroll of enchant armour
 K - 5 scrolls of fear
 L - 6 scrolls of enchant weapon
 R - 11 scrolls of remove curse
Potions
 j - 5 potions of resistance
 r - 2 potions of agility
 u - 7 potions of curing
 x - 9 potions of flight
 A - a potion of berserk rage
 C - 2 potions of haste
 E - 3 potions of heal wounds
 F - 4 potions of might
 I - 3 potions of cancellation
 N - 2 potions of lignification
 O - a potion of cure mutation
Comestibles
 f - 7 beef jerkies
 k - 14 royal jellies
 o - 3 slices of pizza
 p - 6 meat rations
 U - 11 bread rations


   Skills:
 + Level 15.8 Fighting
   Level 12.6(13.4) Maces & Flails
 + Level 7.9(11.2) Staves
 + Level 13.8 Dodging
 - Level 4.5 Shields


You had 13 spell levels left.
You didn't know any spells.

Dungeon Overview and Level Annotations

Branches:
Dungeon (12/15)            Temple (0/1) D:6            Lair (7/8) D:8
 Shoals (0/4) Lair:3       Spider (0/4) Lair:4          Orc (1/2) D:12
  Slime: Lair:6-8

Altars:
Cheibriados
Makhleb
Okawaru
Pakellas
Qazlal
Ru
Xom
Yredelemnul
Zin
The Shining One
Beogh

Shops:
D:4 *   D:6 !   D:7 [   D:11 [


Innate Abilities, Weirdness & Mutations

You can walk through water.
Your dull iron-grey scales are very hard (AC +13).
Your body does not fit into most forms of armour.
You can survive without breathing.
You are cold-blooded and may be slowed by cold attacks.
You have supernaturally acute eyesight.


Message History

You slice the stone giant!!
The stone giant is severely wounded.
The stone giant hits you!
You slash the stone giant! You tail-slap the stone giant.
The stone giant is almost dead.
The stone giant hits you!!
* * * LOW HITPOINT WARNING * * *
You are too injured to fight recklessly!
You hit the stone giant.
Your tail-slap misses the stone giant.
The stone giant is almost dead.
The stone giant hits you!
* * * LOW HITPOINT WARNING * * *
You hit the stone giant but do no damage.
The stone giant is almost dead.
The stone giant hits you!!
* * * LOW HITPOINT WARNING * * *
A red film seems to cover your vision as you go berserk!
You feel yourself moving faster!
You feel mighty!
You feel somewhat less full. The stone giant hits you!!!
You die...

##.## #.....
#...##............ .##
##.##....##......#...
#....#.........$.#..##
##....#.....#........#
##........#...#.#...#
###.<....#...........#
#.......#........C...#.#
....#..##......(@.......
#.......##..............
##...........(..........
###....................
##......(............
##..............##.#
#...........#..## #
#.......>........#
##................


You could see a stone giant.

Vanquished Creatures
  A frost giant (IceCv)
  Snorg (D:10)
  A minotaur (Lab)
  Josephine (D:11)
  The ghost of humperndinck the Frost Mage, a journeyman GrIE of Vehumet (Lair:4)
  Erolcha (D:10)
  Erica (D:10)
  A tengu warrior (D:8)
  A skeletal warrior (D:12)
  An unseen horror (D:12)
  Pikel (D:4)
  3 hill giants
  A griffon (Lair:3)
  2 cyclopes
  4 manticores
  3 elephants (Lair:3)
  An ice statue (IceCv)
  3 black mambas
  9 spiny frogs
  4 rime drakes
  A gargoyle (D:8)
  6 komodo dragons
  2 kobold demonologists (D:12)
  A merfolk (D:10)
  A queen bee (Lair:2)
  A spriggan druid (Lair:6)
  4 trolls
  Grinder (D:3)
  19 polar bears
  2 two-headed ogres
  24 blink frogs
  A minotaur skeleton (Lab)
  A boulder beetle (Lair:7)
  A redback (Lair:4)
  Eustachio (D:4)
  48 yaks
  Sigmund (D:6)
  A wyvern (D:10)
  5 wraiths
  2 basilisks
  2 spriggans
  8 hippogriffs
  2 hungry ghosts
  Menkaure (D:7)
  A steam dragon (D:8)
  Edmund (D:4)
  2 insubstantial wisps (D:8)
  2 wargs (D:7)
  19 water moccasins
  18 porcupines
  3 ice beasts
  7 sky beasts
  11 black bears
  5 orc warriors
  2 necrophages
  A slave (D:4)
  5 ogres
  23 wolves
  A phantom (D:11)
  12 centaurs
  12 crocodiles
  3 big kobolds
  Blork the orc (D:4)
  A gnoll sergeant (D:10)
  21 giant frogs
  A water moccasin zombie (D:7)
  4 scorpions
  41 killer bees
  13 wights
  5 howler monkeys
  7 electric eels (D:10)
  6 jellies
  9 crimson imps
  3 centaur zombies
  A quasit (D:8)
  A centaur skeleton (D:4)
  A giant frog skeleton (D:12)
  5 hounds
  Crazy Yiuf (D:4)
  A gnoll shaman (D:5)
  16 orc priests
  A water moccasin simulacrum (D:8)
  15 orc wizards
  17 iguanas
  5 worker ants
  16 sheep
  A giant frog simulacrum (D:8)
  A centaur simulacrum (D:8)
  A hound skeleton (D:9)
  5 gnolls (D:5)
  13 adders
  76 river rats
  A hound simulacrum (D:8)
  7 shadow imps
  2 white imps (D:8)
  2 ufetubi (D:8)
  An ooze (D:1)
  An adder zombie (D:8)
  An adder skeleton (D:4)
  3 worms
  2 dart slugs
  2 adder simulacra (D:8)
  4 giant geckos
  39 orcs
  A ball python (D:5)
  2 giant cockroaches
  6 goblins
  7 hobgoblins
  7 jackals
  6 quokkas
  6 bats
  8 giant newts
  3 kobolds
  2 quokka skeletons
  21 rats
  A butterfly (D:6)
729 creatures vanquished.

Vanquished Creatures (collateral kills)
  A wolf spider (Lair:4)
  Psyche (D:12)
  A jumping spider (Lair:4)
  A hungry ghost (D:12)
4 creatures vanquished.

Vanquished Creatures (others)
  2 slaves (D:4)
  A crimson imp (D:4)
  A worker ant (D:8)
  A fungus (Lair:7)
  6 plants
11 creatures vanquished.

Grand Total: 744 creatures vanquished

Notes
Turn   | Place    | Note
--------------------------------------------------------------
     0 | D:1      | Kloppie the Draconian Berserker began the quest for the Orb.
     0 | D:1      | Reached XP level 1. HP: 19/19 MP: 1/1
   341 | D:1      | Reached XP level 2. HP: 26/26 MP: 2/2
   434 | D:1      | Reached skill level 1 in Shields
   953 | D:2      | Reached XP level 3. HP: 30/31 MP: 3/3
  1117 | D:2      | Found an iron altar of Okawaru.
  1233 | D:2      | Found a faded altar to an unknown god.
  1286 | D:2      | Reached ** piety under Trog
  1308 | D:2      | Noticed an air elemental
  1310 | D:2      | Found a stormy altar of Qazlal.
  1311 | D:2      | Noticed a fire elemental
  1311 | D:2      | Noticed a water elemental
  1311 | D:2      | Noticed an earth elemental
  1707 | D:3      | Reached XP level 4. HP: 29/40 MP: 4/4
  1945 | D:3      | Reached skill level 4 in Fighting
  2021 | D:3      | Reached XP level 5. HP: 8/46 MP: 5/5
  2517 | D:3      | Noticed Grinder
  2535 | D:3      | Killed Grinder
  2535 | D:3      | Reached XP level 6. HP: 55/55 MP: 6/6
  2941 | D:4      | Reached skill level 5 in Fighting
  2953 | D:4      | Noticed a slave
  2962 | D:4      | Killed a slave
  3018 | D:4      | Noticed Pikel
  3026 | D:4      | Noticed a slave
  3026 | D:4      | Killed Pikel
  3026 | D:4      | Reached skill level 5 in Maces & Flails
  3026 | D:4      | Your scales start taking on a dull iron-grey colour.
  3026 | D:4      | Reached XP level 7. HP: 62/62 MP: 7/7
  3026 | D:4      | Gained mutation: You can survive without breathing. [Grey Draconian growth]
  3116 | D:4      | Noticed Eustachio
  3130 | D:4      | Killed Eustachio
  3130 | D:4      | Reached skill level 6 in Fighting
  3130 | D:4      | Reached XP level 8. HP: 70/70 MP: 8/8
  3158 | D:4      | Found a shimmering altar of Xom.
  3212 | D:4      | Reached skill level 5 in Dodging
  3243 | D:4      | Found Rungiutwo's General Store.
  3244 | D:4      | Noticed Edmund
  3281 | D:4      | Killed Edmund
  3312 | D:4      | Bought a scroll of teleportation for 33 gold pieces
  3312 | D:4      | Bought a scroll of remove curse for 33 gold pieces
  3326 | D:4      | Gained mutation: You have supernaturally acute eyesight. [potion of beneficial mutation]
  3493 | D:4      | Noticed Blork the orc
  3515 | D:4      | Killed Blork the orc
  3641 | D:4      | Noticed Crazy Yiuf
  3653 | D:4      | Killed Crazy Yiuf
  3676 | D:4      | Got a brightly glowing mace
  3677 | D:4      | Identified the +10 mace of Entrepreneurial Spirit {crush, MP+9} (You found it on level 4 of the Dungeon)
  3824 | D:5      | Entered Level 5 of the Dungeon
  3832 | D:5      | Reached skill level 7 in Fighting
  3951 | D:5      | Found a basalt altar of Yredelemnul.
  4019 | D:5      | Reached *** piety under Trog
  4308 | D:5      | Reached XP level 9. HP: 79/79 MP: 9/9
  4604 | D:6      | Noticed Sigmund
  4616 | D:6      | Killed Sigmund
  4643 | D:6      | Found a staircase to the Ecumenical Temple.
  4894 | D:6      | Reached skill level 8 in Fighting
  5184 | D:6      | Found a burning altar of Makhleb.
  5261 | D:6      | Found Zoumazu's Distillery.
  5264 | D:6      | Bought a potion of degeneration for 10 gold pieces
  5264 | D:6      | Bought a potion of heal wounds for 50 gold pieces
  5264 | D:6      | Bought a potion of might for 40 gold pieces
  5264 | D:6      | Bought a potion of mutation for 25 gold pieces
  5286 | D:7      | Noticed Menkaure
  5292 | D:7      | Killed Menkaure
  5434 | D:7      | Reached skill level 9 in Fighting
  5457 | D:7      | Found Idenit's Armour Shoppe.
  5470 | D:7      | Bought a +0 pair of boots for 63 gold pieces
  5506 | D:7      | You fall through a shaft for 2 floors!
  5521 | D:9      | Got a heavily runed buckler
  5586 | D:9      | Reached XP level 10. HP: 74/91 MP: 10/10
  5589 | D:9      | Reached **** piety under Trog
  5981 | D:8      | Identified the +3 buckler of Zoahuc {rElec} (You found it on level 9 of the Dungeon)
  6110 | D:6      | Found a glowing golden altar of the Shining One.
  6110 | D:6      | Found a glowing silver altar of Zin.
  6110 | D:6      | Found a snail-covered altar of Cheibriados.
  6278 | D:8      | Noticed a tengu warrior
  6295 | D:8      | Killed a tengu warrior
  6295 | D:8      | Reached skill level 10 in Fighting
  6297 | D:8      | Noticed a cyclops
  6300 | D:8      | Noticed a gargoyle
  6302 | D:8      | Killed a gargoyle
  6305 | D:8      | Killed a cyclops
  6798 | D:8      | Found a staircase to the Lair.
  6899 | D:7      | Reached XP level 11. HP: 85/101 MP: 11/11
  7218 | D:8      | Reached ***** piety under Trog
  7224 | D:8      | Reached skill level 11 in Fighting
  7224 | D:8      | Reached skill level 10 in Maces & Flails
  7607 | D:8      | Found an oddly glowing altar of Pakellas.
  7689 | D:7      | Bought the +0 cloak "Poorun" {-Cast rN++ MR+} for 288 gold pieces
  7725 | Lair:1   | Entered Level 1 of the Lair of Beasts
  8480 | Lair:1   | Reached skill level 10 in Dodging
  8865 | Lair:1   | Received a gift from Trog
  9508 | Lair:2   | Reached skill level 12 in Fighting
 10009 | Lair:2   | Reached XP level 12. HP: 94/112 MP: 12/12
 10312 | Lair:2   | Got a brightly glowing quarterstaff
 10517 | Lair:2   | Identified the +6 quarterstaff of Doom {venom, rElec rC++ MP+9 Int-4} (You found it on level 2 of the Lair of Beasts)
 10643 | Lair:3   | Found a staircase to the Shoals.
 10661 | Lair:3   | Received a gift from Trog
 11316 | Lair:3   | Reached skill level 13 in Fighting
 12429 | Lair:4   | Noticed humperndinck's ghost (journeyman GrIE)
 12494 | Lair:4   | Killed humperndinck's ghost
 12620 | Lair:4   | Found a hole to the Spider Nest.
 12650 | Lair:4   | Received a gift from Trog
 12808 | Lair:4   | Got a crude lajatang {god gift}
 12820 | Lair:4   | Identified the +8 lajatang of the Endless March {slice, rElec MR++} (Trog gifted it to you on level 4 of the Lair of Beasts)
 13346 | Lair:5   | Found a frozen archway.
 13358 | IceCv    | Entered an ice cave
 13397 | IceCv    | Reached XP level 13. HP: 94/123 MP: 13/13
 13761 | IceCv    | Reached skill level 1 in Staves
 13918 | IceCv    | Noticed a frost giant
 13929 | IceCv    | Reached skill level 14 in Fighting
 13937 | IceCv    | Killed a frost giant
 16949 | Lair:7   | Reached skill level 5 in Staves
 17841 | Lair:7   | Reached skill level 15 in Fighting
 18945 | D:10     | Entered Level 10 of the Dungeon
 19307 | D:10     | Reached XP level 14. HP: 102/135 MP: 14/14
 19366 | D:10     | Noticed Snorg
 19389 | D:10     | Killed Snorg
 19400 | D:10     | Received a gift from Trog
 19792 | D:10     | Found a burning altar of Makhleb.
 19876 | D:10     | Noticed Erica
 19888 | D:10     | Killed Erica
 20416 | D:10     | Noticed Erolcha
 20423 | D:10     | Killed Erolcha
 20918 | D:11     | Noticed Josephine
 20926 | D:11     | Killed Josephine
 21129 | D:11     | Found a labyrinth entrance.
 21145 | Lab      | Entered a labyrinth
 23773 | Lab      | Got a bound jade amulet
 24093 | Lab      | Got a clouded lead ring
 24109 | D:11     | Identified a +0 pair of boots of running (You found it in a labyrinth)
 24110 | D:11     | Identified the amulet of Okkew {RegenMP MR+} (You took it off a minotaur in a labyrinth)
 24111 | D:11     | Identified the cursed ring of Ihopul {rF+ AC-6} (You found it in a labyrinth)
 24150 | D:11     | Found a sacrificial altar of Ru.
 24392 | D:11     | Found Ykafor's Armour Shoppe.
 24503 | D:12     | Found a staircase to the Orcish Mines.
 24549 | D:12     | Found a roughly hewn altar of Beogh.
 24651 | D:12     | Noticed Psyche
 24656 | D:12     | Killed Psyche
 25055 | D:12     | Received a gift from Trog
 25057 | D:12     | Identified a scroll of acquirement
 25058 | D:12     | Got a fine cloak
 25073 | D:12     | Identified the +1 cloak "Naikhys" {Dex+5} (You acquired it on level 12 of the Dungeon)
 25234 | Orc:1    | Entered Level 1 of the Orcish Mines
 25252 | Orc:1    | Noticed a stone giant
 25263 | Orc:1    | Demolished by a stone giant

Skill      XL: |  1  2  3  4  5  6  7  8  9 10 11 12 13 14 |
---------------+-------------------------------------------+-----
Shields        | 1 2 3 4 |  4.5
Dodging        | 3 4 6 7 9 10 11 13 | 13.8
Fighting       | 4 5 6 7 9 10 12 13 15 | 15.8
Maces & Flails | 4 5 6 8 9 11 12 | 12.6
Staves         | 5 7 |  7.9

Action                   |  1- 3 |  4- 6 |  7- 9 | 10-12 | 13-15 || total
-------------------------+-------+-------+-------+-------+-------++-------
Melee: Mace              |    99 |    92 |   329 |   974 |    24 ||  1518
       Tailslap          |    16 |    12 |    40 |   144 |   111 ||   323
       Lajatang          |       |       |       |       |   867 ||   867
Invok: Trog's Hand       |       |     3 |     3 |     5 |    10 ||    21
       Berserk           |       |     3 |     2 |     4 |     3 ||    12
       Brothers in Arms  |       |       |       |     1 |     1 ||     2
Evoke: Wand              |       |       |       |     2 |       ||     2
  Use: Scroll            |       |       |    18 |     8 |    16 ||    42
       Potion            |       |       |     1 |     2 |     3 ||     6
 Stab: Sleeping          |     1 |     1 |     1 |       |     5 ||     8
  Eat: Chunk             |     3 |     6 |    14 |    30 |    30 ||    83
       Meat ration       |       |       |       |     1 |     4 ||     5
Armor: Skin              |    55 |    22 |    93 |   278 |   347 ||   795
Dodge: Dodged            |    64 |    52 |   219 |   736 |  1001 ||  2072
Block: Buckler           |     6 |    15 |    76 |   406 |    15 ||   518
